 Dungeon Crawl Stone Soup version 0.24.0-35-gdb84b6a5db (webtiles) character file.

Game seed: 2603453710649015850, levelgen mode: deterministic

1760 PentaManta the Shield-Bearer (level 9, 0/56 HPs)
             Began as an Octopode Fighter on Nov 17, 2019.
             Slain by an orc priest (8 damage)
             ... on level 5 of the Dungeon.
             The game lasted 00:11:29 (4187 turns).

PentaManta the Shield-Bearer (Octopode Fighter)     Turns: 4187, Time: 00:11:30

Health: 0/56       AC:  1    Str: 15    XL:     9   Next: 7%
Magic:  9/9        EV: 19    Int: 10    God:
Gold:   233        SH: 10    Dex: 15    Spells: 8/8 levels left

rFire    . . .     SeeInvis .   o - +1 dagger (chaos)
rCold    . . .     Gourm    .   b - +0 shield
rNeg     . . .     Faith    .   (helmet restricted)
rPois    .         Spirit   .   (no amulet)
rElec    .         Reflect  .   p - +3 ring of evasion
rCorr    .         Harm     .   (no ring)
MR       .....                  (no ring)
Stlth    ++++......             (no ring)
HPRegen  0.18/turn              (no ring)
MPRegen  0.11/turn              (no ring)
                                (no ring)
                                (no ring)

@: no status effects
A: almost no armour, stealthy swim, amphibious, 8 rings, constrict 8, camouflage
1, gelatinous body 1
a: no special abilities


You were on level 5 of the Dungeon.
You were not hungry.

You visited 1 branch of the dungeon, and saw 5 of its levels.
You also visited: Ossuary.

You collected 233 gold pieces.

Inventory:

Hand Weapons
 o - a +1 dagger of chaos (weapon)
 q - a +0 dagger of freezing
 r - a +1 short sword of draining
Armour
 b - a +0 shield (worn)
Jewellery
 p - a +3 ring of evasion (left tentacle)
 y - an uncursed ring of ice
 B - a cursed ring of attention {unknown}
Wands
 a - a wand of random effects (13)
 k - a wand of flame (7)
Scrolls
 e - 9 scrolls of identify
 f - 8 scrolls of teleportation
 g - 4 scrolls of remove curse {unknown}
 h - 3 scrolls of amnesia {unknown}
 i - a scroll of enchant armour {unknown}
 m - 2 scrolls of random uselessness {unknown}
 s - a scroll of blinking {unknown}
 t - 2 scrolls of magic mapping {unknown}
 u - 2 scrolls of immolation {unknown}
 v - a scroll of enchant weapon {unknown}
 x - a scroll of fog {unknown}
Potions
 c - 3 potions of might
 j - a potion of ambrosia {unknown}
 l - 4 potions of agility
 n - a potion of haste {unknown}
 w - a potion of degeneration {unknown}
 z - a potion of curing {unknown}
 A - a potion of mutation {unknown}
 C - 2 potions of brilliance
 D - a potion of heal wounds {unknown}
Comestibles
 d - 8 rations


   Skills:
 - Level 3.0 Fighting
 + Level 4.9 Short Blades
 * Level 7.2 Dodging
 + Level 6.3 Stealth
 * Level 7.3 Shields


You had 8 spell levels left.
You didn't know any spells.
Your spell library was empty.

Dungeon Overview and Level Annotations

Branches:
Dungeon (5/15)            Ossuary (visited)
 Temple: D:4-7

Altars:
Ashenzari
Makhleb
Nemelex Xobeh
Sif Muna
Xom
Yredelemnul
The Shining One

Shops:
D:4 %

Annotations:
D:5 exclusions: angel and profane servitor


Innate Abilities, Weirdness & Mutations

You cannot wear most types of armour.
You are very stealthy in the water. (Stealth+)
You are amphibious.
You can wear up to eight rings at the same time.
You can use your tentacles to constrict eight enemies at once.
Your skin changes colour to match your surroundings (Stealth+).
Your rubbery body absorbs attacks. (AC +1, EV +1)


Message History

You hit the orc priest but do no damage.
The orc priest is poisoned.
Your squeeze misses the orc priest.
The orc priest is moderately wounded.
You constrict the orc priest, but do no damage.
The orc priest barely misses you.
The orc hits the plant with a +0 short sword!
You hit the orc priest but do no damage.
You squeeze the orc priest.
The orc priest is moderately wounded.
You constrict the orc priest, but do no damage.
The orc priest misses you.
You barely miss the orc priest. You squeeze the orc priest.
The orc priest is heavily wounded.
You constrict the orc priest, but do no damage.
The orc priest barely misses you.
The orc hits the plant but does no damage.
You hit the orc priest but do no damage.
The orc priest is heavily wounded.
You constrict the orc priest. The orc priest hits you!
You die...

..## #§.§#
##.##.≈≈≈#.... .##
##### ##
##.≈≈..... ##
##A##
≈≈≈##..≈≈≈#.... #
#####
.≈≈≈##.#≈###...
####P.≈≈##.≈.#....
#..#.≈≈≈≈##≈≈.....
#..#≈≈≈≈≈≈##≈≈....
#..#≈≈≈≈≈≈≈###....
#@.#.≈≈≈≈≈≈≈####'#
#o##.o≈≈≈≈≈≈≈≈##..
#Po.PP.≈≈≈≈≈≈###''
#######o≈≈≈≈###...
#≈≈≈≈o≈≈≈≈≈≈# #...
#≈≈≈o≈≈≈≈≈≈## #...
####≈≈≈≈≈######...
#≈≈≈≈≈≈≈≈≈≈≈#.###
#≈≈≈≈≈o≈≈≈≈≈≈≈##


You could see an orc priest (berserk) and an orc.

Vanquished Creatures
  Grinder (D:5)
  Sigmund (D:2)
  A phantom (D:5)
  8 elf zombies (Ossuary)
  A scorpion (D:4)
  A human zombie (Ossuary)
  A bullfrog skeleton (D:5)
  4 centaur zombies (Ossuary)
  5 hounds
  An orc wizard (D:4)
  An orc priest (D:4)
  An iguana (D:5)
  2 worker ants
  A hound skeleton (D:5)
  3 mummies (Ossuary)
  3 gnolls (D:2)
  A howler monkey skeleton (D:4)
  6 adders
  2 oozes
  2 worms
  A dart slug (D:1)
  5 leopard geckos
  23 orcs
  5 bats
  3 giant cockroaches
  8 goblins
  6 hobgoblins
  4 jackals
  5 kobolds
  2 ball pythons (D:2)
  7 frilled lizards
  5 rats
120 creatures vanquished.

Vanquished Creatures (others)
  A jackal (D:5)
1 creature vanquished.

Grand Total: 121 creatures vanquished

Notes
Turn   | Place    | Note
-------+----------+-------------------------------------------
     0 | D:1      | PentaManta the Octopode Fighter began the quest for the
                  | Orb.
     0 | D:1      | Reached XP level 1. HP: 16/16 MP: 1/1
   223 | D:1      | Reached XP level 2. HP: 15/21 MP: 2/2
   277 | D:1      | Reached skill level 1 in Stealth
   292 | D:1      | Found a sparkling altar of Nemelex Xobeh.
   785 | D:2      | Noticed Sigmund
   792 | D:2      | Killed Sigmund
   792 | D:2      | Reached XP level 3. HP: 16/26 MP: 3/3
   792 | D:2      | Reached XP level 4. HP: 20/31 MP: 4/4
   792 | D:2      | Reached XP level 5. HP: 23/36 MP: 5/5
  1292 | D:2      | Found a shimmering blue altar of Sif Muna.
  1448 | D:2      | Found a shimmering altar of Xom.
  1465 | D:2      | Reached XP level 6. HP: 18/42 MP: 6/6
  2069 | D:3      | Found a burning altar of Makhleb.
  2304 | D:3      | Found a shattered altar of Ashenzari.
  2378 | D:4      | Reached skill level 5 in Dodging
  2476 | D:4      | Reached skill level 5 in Shields
  2513 | D:4      | Reached XP level 7. HP: 36/46 MP: 7/7
  2659 | D:4      | Found a sand-covered staircase.
  2668 | Ossuary  | Entered an ossuary
  2947 | Ossuary  | Reached XP level 8. HP: 52/52 MP: 8/8
  2997 | Ossuary  | Reached skill level 5 in Stealth
  3416 | D:4      | Found Awu Xom's Food Shop.
  3447 | D:5      | Entered Level 5 of the Dungeon
  3867 | D:5      | Noticed Grinder
  3878 | D:5      | Killed Grinder
  3878 | D:5      | Reached XP level 9. HP: 36/56 MP: 9/9
  4008 | D:5      | Found a glowing golden altar of the Shining One.
  4010 | D:5      | Noticed an angel
  4025 | D:5      | Found a basalt altar of Yredelemnul.
  4027 | D:5      | Noticed a profane servitor
  4187 | D:5      | Slain by an orc priest

Levels and vault maps discovered:
D:1:      saegor_arrival_simple_d, layout_basic, grunt_decor_cap,
          nemelex_xobeh_ov_fountains_minmay
D:2:      cheibrodos_greedy_goblins, layout_rooms, lemuel_blue_sif_altar,
          tgw_xom, uniq_sigmund
D:3:      layout_basic, makhleb_heckhound_becter, lemuel_crystal_altar,
          minmay_misc_feat_diagonals, st_stairs_4
D:4:      layout_rooms, first_ration, nicolae_ossuary_entry_monument,
          serial_shops, kennysheep_mini, palyth_stone_intersect
D:5:      wad_lake_hut, layout_basic, grunt_temple_overflow_holy_war,
          water_maze_lemuel, uniq_grinder, uniq_duvessa

Skill      XL: |  1  2  3  4  5  6  7  8 |
---------------+-------------------------+-----
Stealth        | 2 3 4 6 |  6.3
Dodging        | 4 5 7 |  7.2
Shields        | 4 5 7 |  7.3
Short Blades   | 3 4 |  4.9
Fighting       | |  3.0

Action                   |  1- 3 |  4- 6 |  7- 9 || total
-------------------------+-------+-------+-------++-------
Melee: Rapier            |     7 |       |       ||     7
       Dagger            |    18 |   131 |   222 ||   371
       Tentacles         |     4 |    39 |    67 ||   110
       Constrict         |     4 |    47 |    33 ||    84
  Use: Scroll            |       |       |     1 ||     1
 Stab: Sleeping          |     4 |    10 |     3 ||    17
       Paralysed         |       |     1 |     2 ||     3
       Confused          |       |       |     4 ||     4
       Petrified         |       |       |     3 ||     3
       Petrifying        |       |       |     1 ||     1
  Eat: Chunk             |       |     4 |     3 ||     7
       Ration            |       |       |     1 ||     1
Armor: Skin              |     1 |     6 |     6 ||    13
Dodge: Dodged            |     7 |    50 |    86 ||   143
Block: Shield            |       |    53 |    68 ||   121
